Map: Abyssal Reef LE

Players

Pono - Winner!

  • Race: Zerg Zerg
  • Spawn Location: 11:00

AlienViruz

  • Race: Terran Terran
  • Spawn Location: 5:00

Event: WCS Montreal 2017

VOD

Have the link to the VOD?

Description

Time

  • Played on: Sept. 8, 2017, 11:50 a.m.
  • Length: 14:18

All games in this series

Show
View Real Time Build Order
Export as new Build Order

Pono Zerg - Winner!

Build Orders: Pool First 

Get SALT Encoding   

  12  0:00  Drone  
  13  0:16  Overlord  
  13  0:18  Drone  
  14  0:34  Drone x2  
  17  0:42  Drone  
  17  0:47  Spawning Pool  
  16  0:50  Drone  
  17  0:59  Drone  
  18  1:20  Hatchery  
  17  1:34  Queen  
  17  1:35  Zergling x4  
  21  1:40  Overlord  
  21  2:03  Drone, Hatchery  
  21  2:07  Drone  
  22  2:17  Queen  
  22  2:21  Extractor, Drone  
  24  2:25  Drone  
  25  2:35  Queen  
  27  2:38  Drone  
  28  2:53  Drone x3  
  28  2:54  Drone x2  
  33  3:01  Queen  
  35  3:06  Drone  
  35  3:12  Overlord  
  36  3:22  Queen  
  38  3:32  Drone x5  
  43  3:36  Overlord  
  43  3:40  Metabolic Boost  
  41  3:57  Zergling x2  
  41  3:58  Zergling x14  
  49  4:10  Zergling x6  
  49  4:11  Zergling x4  
  54  4:17  Overlord  
  54  4:18  Roach Warren  
  54  4:22  Overlord  
  53  4:36  Drone  
  53  4:37  Drone x4  
  53  4:38  Overlord  
  58  4:44  Zergling x2  
  58  4:45  Zergling x8  
  62  4:58  Zergling x12  
  62  4:59  Zergling x2  
  61  5:16  Drone x6  
  67  5:30  Extractor  
  67  5:31  Extractor, Drone x3  
  67  5:32  Drone  
  67  5:33  Drone  
  67  5:34  Drone  
  71  5:37  Spore Crawler  
  71  5:39  Spore Crawler  
  71  5:41  Spine Crawler  
  68  6:06  Lair  
  68  6:07  Overlord x3  
  68  6:10  Drone x6  
  74  6:19  Hatchery  
  73  6:26  Pneumatized Carapace  
  73  6:28  Drone x6  
  73  6:29  Drone x5  
  84  6:33  Overlord x2  
  84  6:48  Extractor, Drone  
  84  6:49  Drone x3, Evolution Chamber  
  84  6:50  Drone  
  84  6:51  Evolution Chamber  
  84  6:53  Extractor, Drone x3  
  84  6:54  Extractor, Drone x2  
  90  6:55  Drone  
  90  6:56  Drone  
  90  6:59  Drone x2  
  90  7:00  Drone x2  
  95  7:14  Baneling Nest, Glial Reconstitution  
  94  7:27  Zerg Melee Weapons Level 1  
  93  7:34  Spore Crawler  
  92  7:38  Spine Crawler  
  92  7:41  Zerg Ground Armor Level 1  
  91  7:45  Drone, Infestation Pit  
  91  7:46  Drone x15  
  91  7:48  Queen  
  105  8:08  Zergling x20  
  115  8:18  Baneling  
  115  8:19  Centrifical Hooks, Baneling x22  
  115  8:22  Pathogen Glands  
  115  8:23  Hive  
  115  8:33  Drone x2  
  115  8:34  Overlord x4, Drone  
  116  8:35  Overlord  
  116  8:39  Extractor  
  116  8:41  Zergling x10  
  118  8:42  Hatchery  
  118  8:43  Overlord x2, Extractor  
  118  9:23  Burrow, Infestor x6  
  118  9:24  Infestor x2  
  130  9:28  Zerg Melee Weapons Level 2  
  130  9:29  Overlord x2  
  130  9:30  Overlord  
  130  9:31  Drone x5  
  135  9:32  Drone x5  
  144  9:49  Baneling x9  
  144  9:50  Baneling x5  
  144  10:03  Extractor, Drone x3  
  144  10:04  Extractor, Drone x3  
  144  10:05  Zergling x2  
  144  10:06  Zergling x24  
  160  10:20  Overseer x3  
  160  10:31  Ultralisk Cavern  
  159  10:47  Overlord x2  
  159  11:09  Hatchery  
  158  11:18  Hatchery  
  157  11:23  Hatchery  
  156  11:25  Hatchery  
  156  11:28  Hatchery  
  154  11:37  Infestor x8, Hatchery  
  154  11:38  Hatchery  
  151  11:41  Spire  
  151  11:43  Adrenal Glands  
  151  11:44  Zerg Ground Armor Level 2  
  151  11:45  Ultralisk Cavern  
  151  11:47  Zergling x26  
  148  11:48  Zergling x26  
  146  12:10  Baneling  
  146  12:11  Baneling x29  
  146  12:12  Baneling x22  
  118  12:59  Spore Crawler x2  
  118  13:03  Mutalisk  
  118  13:04  Mutalisk x17  
  118  13:05  Mutalisk x4  
  153  13:45  Zergling x6  
  153  13:46  Zergling x30  
  165  13:51  Extractor x2  
Show
View Real Time Build Order
Export as new Build Order

AlienViruz Terran 

Build Orders:  

Get SALT Encoding   

  12  0:00  SCV  
  13  0:13  SCV  
  14  0:18  Supply Depot  
  14  0:25  SCV  
  15  0:40  SCV  
  15  0:41  Barracks  
  16  0:52  SCV  
  16  0:56  Refinery  
  17  0:59  Refinery  
  17  1:11  SCV  
  17  1:26  SCV  
  17  1:32  Marine  
  19  1:35  Supply Depot  
  19  1:45  Barracks  
  19  1:56  Barracks Reactor  
  19  2:00  SCV  
  20  2:03  Factory  
  20  2:12  SCV  
  21  2:24  SCV  
  22  2:33  Barracks Tech Lab  
  22  2:34  Marine  
  22  2:35  Marine  
  24  2:38  Orbital Command  
  24  2:57  Combat Shields, Marauder  
  26  2:59  Marine  
  26  3:05  Widow Mine  
  27  3:09  SCV  
  30  3:16  Supply Depot  
  30  3:21  Marine  
  30  3:27  Marine  
  31  3:28  Marine  
  33  3:49  Marine x3  
  33  3:50  Factory Tech Lab  
  33  3:51  SCV  
  37  4:06  Marine  
  38  4:10  Marine  
  38  4:11  Marine  
  38  4:13  Siege Tank  
  43  4:25  Marauder  
  43  4:28  Marine x2  
  47  4:42  Engineering Bay  
  47  5:10  Marine  
  43  5:20  Siege Tank, Marine x2  
  41  5:26  Starport  
  41  5:29  SCV  
  41  5:32  Command Center  
  42  5:45  Marine x2, Marauder  
  42  5:47  Terran Infantry Weapons Level 1  
  46  6:12  Barracks Reactor  
  46  6:20  Siege Tank  
  46  6:21  Supply Depot, Barracks Reactor  
  49  6:26  Medivac  
  49  6:27  Medivac  
  49  6:30  SCV  
  49  6:32  Missile Turret  
  54  6:54  Bunker  
  54  6:57  Widow Mine  
  56  7:25  Widow Mine  
  58  7:31  Barracks  
  58  7:32  Orbital Command  
  58  7:39  Medivac  
  58  7:40  Medivac  
  58  7:41  Marine x3  
  65  7:47  SCV  
  65  7:50  Missile Turret  
  66  7:52  Terran Infantry Armor Level 1  
  66  7:59  SCV x2  
  68  8:09  Liberator x2  
  68  8:11  SCV  
  69  8:15  Marine x2  
  77  8:28  SCV  
  78  8:42  Marine x2, SCV x2  
  78  8:46  Supply Depot  
  82  8:53  Barracks Reactor  
  82  8:54  SCV  
  83  8:59  Marine  
  82  9:06  SCV  
  82  9:09  Hellion x2  
  87  9:12  Armory  
  87  9:18  SCV  
  88  9:28  Marine  
  88  9:29  Medivac, Marine  
  88  9:30  Hellion  
  94  9:33  Supply Depot  
  94  9:34  SCV  
  94  9:35  Hellion  
  94  9:37  Stimpack  
  97  9:39  Marauder  
  97  9:43  Marine  
  100  9:46  SCV  
  100  10:12  Terran Vehicle Weapons Level 1  
  100  10:26  Liberator  
  98  10:41  Marine x2  
  94  10:44  Widow Mine x2  
  94  10:45  Marine  
  94  10:46  Marine x2  
  94  10:47  SCV  
  105  10:53  Command Center  
  105  10:59  Marine, SCV  
  107  11:19  Widow Mine  
  107  11:20  Marine  
  107  11:23  Supply Depot  
  110  11:44  Marine x3, Widow Mine  
  111  12:02  Marine  
  72  12:21  Marine x2  
  74  12:23  Marine  
  74  12:26  Widow Mine x2  
  76  12:41  Marine  
  42  12:59  Marine  
  29  13:35  Marine  
  26  13:41  Widow Mine  
  26  13:42  Widow Mine  
  26  13:43  Barracks  
  28  13:53  Marine  
  28  13:55  Factory  
  29  13:56  SCV  
Tags
 
Add a new tag
Caveats
  • Supply blocks, unpowered buildings, or Contaminate may cause inaccurate times.
  • Supply counts are checked every 10 seconds.